 Dungeon Crawl Stone Soup version 0.30.1-3-gfc49f6343a (webtiles) character file.

Game seed: 7611259230299015118

500 Destapler the Sneak (level 7, -10/60 HPs)
             Began as a Naga Air Elementalist on July 22, 2023.
             Was an Initiate of Dithmenos.
             Mangled by an ogre
             ... wielding a +0 giant spiked club
              (18 damage)
             ... on level 7 of the Dungeon.
             The game lasted 00:28:01 (4412 turns).

Destapler the Sneak (Naga Air Elementalist)         Turns: 4412, Time: 00:28:01

Health: -10/60     AC:  6    Str: 10    XL:     7   Next: 16%
Magic:  11/11      EV: 10    Int: 17    God:    Dithmenos [......]
Gold:   113        SH:  0    Dex: 12    Spells: 9/12 levels left

rFire   . . .        b - +1 dagger (drain)
rCold   . . .        (no shield)
rNeg    . . .        a - +1 robe
rPois   +            (no helmet)
rElec   .            (no cloak)
rCorr   .            l - +1 pair of gloves
SInv    +            (no barding)
Will    .....        (no amulet)
Stlth   +++          (no ring)
HPRegen 0.30/turn    (no ring)
MPRegen 0.12/turn

%: no passive effects
@: very slow
A: AC +2, large, see invisible, deformed body, poison resistance, slowness 2,
spit poison 1, naga tail 1
a: Spit Poison, Renounce Religion


You were on level 7 of the Dungeon.
You worshipped Dithmenos.
Dithmenos was noncommittal.
You visited 1 branch of the dungeon, and saw 5 of its levels.
You also visited: Sewer.

You collected 113 gold pieces.

Inventory:

Hand Weapons
 b - a +1 dagger of draining (weapon)
 e - a +0 rapier
Armour
 a - a +1 robe (worn)
 l - a +1 pair of gloves (worn)
Jewellery
 m - an amulet of magic regeneration
Wands
 p - a wand of roots (1)
Scrolls
 d - 4 scrolls of teleportation
 g - a scroll of magic mapping
 h - a scroll of blinking {unknown}
 j - a scroll of silence {unknown}
 k - 10 scrolls of identify
 n - a scroll of vulnerability {unknown}
 o - a scroll of poison
 s - a scroll of summoning {unknown}
 u - a scroll of torment {unknown}
 v - a scroll of fear {unknown}
 w - a scroll of immolation {unknown}
 y - a scroll of noise {unknown}
 A - a scroll of amnesia {unknown}
Potions
 c - 2 potions of ambrosia
 f - 2 potions of heal wounds {unknown}
 i - a potion of degeneration {unknown}
 q - a potion of attraction {unknown}
 r - 4 potions of curing
 t - 2 potions of brilliance {unknown}
 z - a potion of lignification {unknown}


   Skills:
 + Level 2.1 Fighting
 + Level 2.4 Short Blades
 - Level 1.0 Armour
 - Level 2.0 Dodging
 - Level 5.0 Stealth
 - Level 3.0 Spellcasting
 + Level 2.8 Conjurations
 - Level 4.0 Air Magic
 + Level 0.8 Poison Magic
 + Level 0.4 Invocations
 - Level 2.0 Evocations


You had 9 spell levels left.
You knew the following spells:

 Your Spells              Type           Power      Damage    Failure   Level
a - Shock                 Conj/Air       56%        1d6       4%          1
b - Poisonous Vapours     Pois/Air       20%        N/A       10%         2

Your spell library contained the following spells:

 Spells                   Type           Power      Damage    Failure   Level
 Static Discharge         Conj/Air       28%        2-4/arc   6%          2
 Swiftness                Air            16%        N/A       10%         3
 Mephitic Cloud           Conj/Pois/Air  11%        N/A       19%         3
 Airstrike                Air            8%         2d(2-18)  32%         4
 Freezing Cloud           Conj/Ice/Air   5%         6-21      88%         5


Dungeon Overview and Level Annotations

Branches:
Dungeon (7/15)             Temple (0/1) D:7           Sewer (visited)

Altars:
Dithmenos
Kikubaaqudgha
Makhleb
Trog
Zin


Innate Abilities, Weirdness & Mutations

Your serpentine skin is tough. (AC +2)
You have supernaturally acute eyesight. (SInv)
Armour fits poorly on your strangely shaped body.
Your system is resistant to poisons. (rPois)
You cover ground very slowly.
You can spit poison.
You have a snake-like lower body.


Message History

Press: ? - help, Shift-Dir - straight line, f/p - orc
Aim: an orc, wielding a +0 club (lightly wounded, poisoned, 71% to hit)
The zap hits the orc.
You kill the orc!
Dithmenos accepts your kill.
A sourceless malevolence fills the Dungeon...
You fall into a shaft and drop 3 floors!
The shaft crumbles and collapses.
You hear the roar of battle.
There is an entrance to a bailey on this level.
Hurry and find it before the portal closes forever!
Found a staircase to the Ecumenical Temple.
Found 3 scrolls of identify.
Found a potion of curing.
r - 4 potions of curing (gained 1)
Found a robe.
k - 10 scrolls of identify (gained 3)
Found two stone staircases leading down.
A centaur and an ogre come into view.
The centaur shouts!
The ogre shouts!
The centaur wields a +0 shortbow.
The centaur shoots an arrow.
The arrow hits you!
You hear a shout! x4
You hit the ogre. You drain the ogre.
The ogre is lightly wounded.
You hear a croak.
The centaur shoots an arrow.
The arrow barely misses you.
The ogre hits you with a +0 giant spiked club!!
The centaur shoots an arrow.
The arrow hits you!
* * * LOW HITPOINT WARNING * * *
The air fills with toxic fumes!
As you read the scroll labelled DYXEXYOHYF, it crumbles to dust.
It was a scroll of poison.
The centaur shoots an arrow.
The arrow hits you but does no damage.
As you read the scroll labelled TUW VYUVIESTUQAGA, it crumbles to dust.
It is a scroll of enchant armour.
Your +0 robe glows green for a moment.
The centaur shoots an arrow.
The arrow hits you!
* * * LOW HITPOINT WARNING * * *
The ogre hits you with a +0 giant spiked club!!
You die...

#§§§§ #§§§§ c§§§# §§§§
.≈≈~≈≈.# #§§# ...§§..
#§§###§§§§. #§§O§§§§§§
#@# #.#.# #§###.#.####..
######§##..........
.>....§§§.....#
#######§#####.#####.####
#§# #........... #§#
#.#.###..... #§#
#.#.#~~~~~~~
#.#####.#.#~#.....


You could see an ogre (drained) and a centaur.

Vanquished Creatures
  Sigmund (D:3)
  A vampire bat (D:3)
  2 orc priests (D:3)
  A gnoll bouda (D:4)
  An orc wizard (D:3)
  4 gnolls (D:4)
  2 river rats (Sewer)
  6 adders
  A worm (D:2)
  6 orcs
  5 ball pythons
  A bat skeleton (D:3)
  3 bat zombies (D:3)
  6 endoplasms
  8 giant cockroaches
  2 goblins
  4 hobgoblins
  4 kobolds
  4 quokkas
  4 bats
  11 frilled lizards
  5 rats
82 creatures vanquished.

Notes
Turn   | Place    | Note
-------+----------+-------------------------------------------
     0 | D:1      | Destapler the Naga Air Elementalist began the quest for the
                  | Orb.
     0 | D:1      | Reached XP level 1. HP: 15/15 MP: 3/3
   292 | D:1      | Reached XP level 2. HP: 22/22 MP: 1/5
  1210 | D:2      | Found a burning altar of Makhleb.
  1374 | D:2      | Reached XP level 3. HP: 28/28 MP: 4/6
  2120 | D:3      | Found a glowing drain.
  2135 | Sewer    | Entered a sewer
  2188 | Sewer    | Reached XP level 4. HP: 35/37 MP: 2/7
  2261 | Sewer    | Reached skill level 4 in Stealth
  2281 | Sewer    | Reached skill level 1 in Short Blades
  2450 | Sewer    | Reached skill level 1 in Armour
  2450 | Sewer    | Reached XP level 5. HP: 38/43 MP: 5/8
  2746 | D:3      | Found a shadowy altar of Dithmenos.
  2864 | D:3      | Reached skill level 1 in Fighting
  2899 | D:3      | Found the +6 shillelagh "Devastator" {shatter}
  2920 | D:3      | Reached skill level 1 in Evocations
  3034 | D:3      | Found a bloodstained altar of Trog.
  3034 | D:3      | Noticed Sigmund
  3091 | D:3      | Killed Sigmund
  3092 | D:3      | Reached XP level 6. HP: 51/52 MP: 5/10
  3166 | D:3      | Became a worshipper of Dithmenos the Shadowed
  3406 | D:3      | Found an ancient bone altar of Kikubaaqudgha.
  3416 | D:3      | Reached skill level 5 in Stealth
  3532 | D:3      | Found a glowing silver altar of Zin.
  3786 | D:4      | Reached XP level 7. HP: 60/60 MP: 8/11
  3791 | D:4      | Learned a level 2 spell: Poisonous Vapours
  4386 | D:4      | You fall into a shaft and drop 3 floors!
  4386 | D:7      | Found a staircase to the Ecumenical Temple.
  4412 | D:7      | Mangled by an ogre

Illustrated notes

Levels and vault maps discovered:
D:1:      dpeg_arrival_pond, layout_basic
D:2:      layout_basic, basic_altar, kennysheep_cross_bottleneck,
          skrybe_limestone_x, grunt_decor_junction, dk_noncrumbling_3
D:3:      layout_rooms, kennysheep_vampire_church, grunt_dithmenos_smoke,
          zin_statuary, mainiacjoe_overflow_small_starburst,
          gup_sewer_entry_pipe, uniq_sigmund
D:4:      layout_basic, nicolae_ru_awakened_eye
D:7:      layout_loops_ring, kennysheep_okawaru_gauntlet,
          nzn_hepliaklqana_mist_gate, minmay_temple_entry_water_ring,
          enter_bailey_5, serial_shops, nicolae_shop_rolling_square,
          nicolae_book_shop_shelving, grunt_ministairs_1, minivault_4,
          due_unseen_surprise, uniq_maggie, uniq_menkaure, uniq_prince_ribbit1

Skill      XL: |  1  2  3  4  5  6  7 |
---------------+----------------------+-----
Dodging        | 2 |  2.0
Stealth        | 4 5 |  5.0
Short Blades   | 1 2 |  2.4
Armour         | 1 |  1.0
Fighting       | 1 2 |  2.1
Conjurations   | 2 |  2.8
Evocations     | 1 2 |  2.0
Spellcasting   | 3 |  3.0
Air Magic      | 4 |  4.0
Poison Magic   | |  0.8
Invocations    | |  0.4

Action                     |  1- 3 |  4- 6 |  7- 9 || total
---------------------------+-------+-------+-------++-------
  Melee: Unarmed           |     2 |       |       ||     2
         Rapier            |    15 |    34 |       ||    49
         Dagger            |       |     2 |     6 ||     8
   Cast: Shock             |    60 |    60 |    14 ||   134
         Poisonous Vapours |       |       |     6 ||     6
Ability: Spit Poison       |    18 |    22 |     2 ||    42
    Use: Scroll            |     2 |       |     5 ||     7
         Potion            |       |     1 |       ||     1
   Stab: Sleeping          |     3 |     4 |       ||     7
 Armour: Robe              |     6 |    25 |     1 ||    32
  Dodge: Dodged            |    19 |    33 |     9 ||    61
